 Dungeon Crawl Stone Soup version 0.28-a0-628-g3c9886e45e (webtiles) character file.

Game seed: 6364573965646775190

1803 funkygono the Firebug (level 9, -7/47 HPs)
             Began as a Gargoyle Fire Elementalist on Oct 9, 2021.
             Was an Initiate of Vehumet.
             Mangled by an ogre (23 damage)
             ... on level 5 of the Dungeon.
             The game lasted 00:11:45 (6297 turns).

funkygono the Firebug (Gargoyle Fire Elementalist)  Turns: 6297, Time: 00:11:45

Health: -7/47      AC: 10    Str: 12    XL:     9   Next: 9%
Magic:  16/18      EV: 12    Int: 19    God:    Vehumet [......]
Gold:   275        SH:  0    Dex: 10    Spells: 11/21 levels left

rFire   . . .      SeeInvis .   b - +1 whip
rCold   . . .      Faith    .   (no shield)
rNeg    + . .      Spirit   .   a - +0 robe
rPois   ∞          Reflect  .   h - +0 helmet
rElec   +          Harm     .   (no cloak)
rCorr   .          Rampage  .   (no gloves)
Will    .....                   e - +0 pair of boots
Stlth   ++........              (no amulet)
HPRegen 0.15/turn               (no ring)
MPRegen 0.16/turn               (no ring)

@: no status effects
A: sickness immunity, AC +6, negative energy resistance 1, electricity
resistance, torment resistance 1, petrification resistance
a: Renounce Religion


You were on level 5 of the Dungeon.
You worshipped Vehumet.
Vehumet was noncommittal.
You visited 2 branches of the dungeon, and saw 7 of its levels.

You collected 275 gold pieces.

Inventory:

Hand Weapons
 b - a +1 whip (weapon)
 o - a +2 club
Missiles
 c - 76 stones
Armour
 a - a +0 robe (worn)
 e - a +0 pair of boots (worn)
 h - a +0 helmet (worn)
 k - a +0 leather armour
 u - a +0 robe of willpower
Magical Staves
 r - a staff of conjuration
Jewellery
 s - a ring of protection from cold
Wands
 j - a wand of iceblast (4)
 n - a wand of flame (9)
 t - a wand of paralysis (11)
Scrolls
 i - 2 scrolls of fog
 l - a scroll of teleportation
Potions
 d - 2 potions of invisibility
 f - a potion of brilliance {unknown}
 g - 3 potions of resistance
 m - 3 potions of curing
 p - 2 potions of haste {unknown}
 q - a potion of heal wounds {unknown}


   Skills:
 + Level 1.4 Fighting
 + Level 2.1 Maces & Flails
 + Level 2.0 Dodging
 - Level 2.1 Stealth
 * Level 6.6 Spellcasting
 * Level 5.2 Conjurations
 * Level 7.6 Fire Magic


You had 11 spell levels left.
You knew the following spells:

 Your Spells              Type           Power      Damage    Failure   Level
a - Foxfire               Conj/Fire      100%       2x1d9     1%          1
b - Scorch                Fire           70%        2d8       1%          2
c - Conjure Flame         Conj/Fire      30%        6-21      2%          3
d - Flame Wave            Conj/Fire      30%        3d7       8%          4

Your spell library contained the following spells:

 Spells                   Type           Power      Damage    Failure   Level
 Inner Flame              Hex/Fire       20%        N/A       7%          3
 Freeze                   Ice            24%        1d5       11%         1
 Passwall                 Tmut/Erth      5%         N/A       16%         2
 Wereblood                Tmut           6%         N/A       16%         2
 Frozen Ramparts          Ice            12%        1d3       32%         3
 Swiftness                Air            6%         N/A       32%         3
 Hailstorm                Conj/Ice       16%        3d6       34%         4
 Invisibility             Hex            3%         N/A       100%        6
 Summon Hydra             Summ           3%         N/A       100%        7
 Sublimation of Blood     Necr           Unusable   N/A       N/A         2

Dungeon Overview and Level Annotations

Branches:
Dungeon (6/15)             Temple (1/1) D:4

Altars:
Ashenzari
Cheibriados
Dithmenos
Elyvilon
Gozag
Hepliaklqana
Kikubaaqudgha
Makhleb
Nemelex Xobeh
Qazlal
Sif Muna
Trog
Uskayaw
Vehumet
Wu Jian
Xom
Yredelemnul
Zin
The Shining One

Shops:
D:2 (

Annotations:
D:4 3 runed translucent doors, whitenoisemaker's ghost, amateur DEFE
D:6 Maggie


Innate Abilities, Weirdness & Mutations

You are immune to sickness and miasma.
Your stone body is resilient. (AC +6)
You are immune to poison.
You resist negative energy. (rN+)
You are resistant to electric shocks. (rElec)
You are resistant to unholy torment.
You are immune to petrification.


Message History

Vehumet accepts your kill.
Your Dodging skill increases to level 2!
Your Conjurations skill increases to level 5!
You start resting.
Your foxfire dissipates!
You start resting.
Your foxfire dissipates! x2
You start resting.
You feel yourself speed up.
You start resting.
HP restored.
You start resting.
Magic restored.
Okay, then.
There is a stone staircase leading down here.
You climb downwards.
Level annotation: Maggie Maggie gestures wildly while chanting.
Maggie attempts to bespell you! You resist.
The ogre hits you with a +0 giant club! The howler monkey skeleton misses you.
There is a stone staircase leading up here.
The ogre hits you with a +0 giant club!
The howler monkey skeleton closely misses you.
You climb upwards.
There is a stone staircase leading down here.
Unknown command.
Casting: Foxfire (safe; 1% risk of failure)
Confirm with . or Enter, or press ? or * to list all spells.
You miscast Scorch.
You are very lightly contaminated with residual magic.
Nothing appears to happen.
The ogre hits you with a +0 giant club!
* * * LOW HITPOINT WARNING * * *
Your magical contamination has completely faded away.
Casting: Scorch (safe; 1% risk of failure)
Confirm with . or Enter, or press ? or * to list all spells.
The fire begins to smoulder!
The ogre smothers the flame.
The ogre hits you with a +0 giant club!!
You die...

##......# #........#
##..#.### ###..#####
...##.# #.## ..###.#
#####.#### #.###.#
#........#
....#.##########........#
........................#
....#.#########..O......#
#..........###..@.......#
#..........#...#####.####
#............### #.#
#####.......## ##.#
..##..#####.#### #..#
#....## #....# #.##
#..### ####.## #.# #..#
#..# #.# #### ##.###.##


You could see an ogre.

Vanquished Creatures
  Sigmund (D:4)
  A wraith (D:5)
  An orc warrior (D:6)
  A sky beast (D:5)
  A black bear (D:3)
  3 necrophages (D:6)
  A centaur (D:6)
  A bullfrog (D:4)
  A scorpion (D:6)
  A jelly (D:4)
  A water moccasin zombie (D:5)
  A water moccasin skeleton (D:5)
  A bullfrog zombie (D:5)
  2 hounds
  2 bullfrog skeletons
  A centaur skeleton (D:5)
  Jessica (D:2)
  An iguana (D:5)
  Ijyb (D:4)
  5 orc wizards
  A killer bee zombie (D:4)
  Robin (D:2)
  4 gnolls
  A howler monkey skeleton (D:6)
  2 adders (D:3)
  A shadow imp (D:6)
  An adder skeleton (D:4)
  3 worms
  2 dart slugs (D:1)
  15 orcs
  4 endoplasms
  3 giant cockroaches
  19 goblins
  9 hobgoblins
  2 jackals
  4 quokkas
  6 ball pythons
  4 bats
  2 frilled lizards (D:1)
  2 kobolds (D:1)
  5 rats
119 creatures vanquished.

Vanquished Creatures (others)
  434 foxfires
  2 fungi (D:4)
  2 plants (D:4)
438 creatures vanquished.

Grand Total: 557 creatures vanquished

Notes
Turn   | Place    | Note
-------+----------+-------------------------------------------
     0 | D:1      | funkygono the Gargoyle Fire Elementalist began the quest
                  | for the Orb.
     0 | D:1      | Reached XP level 1. HP: 10/10 MP: 3/3
   164 | D:1      | Reached XP level 2. HP: 15/15 MP: 1/5
   272 | D:1      | Learned a level 2 spell: Scorch
   490 | D:1      | Reached XP level 3. HP: 19/19 MP: 2/6
   494 | D:1      | Learned a level 3 spell: Conjure Flame
  1125 | D:2      | Noticed Robin
  1359 | D:2      | Killed Robin
  1367 | D:2      | Reached XP level 4. HP: 19/24 MP: 1/8
  1820 | D:2      | Found Poge's Antique Weapon Shoppe.
  1925 | D:2      | Found a stormy altar of Qazlal.
  2147 | D:2      | Noticed Jessica
  2151 | D:2      | Killed Jessica
  2152 | D:2      | Reached skill level 4 in Fire Magic
  2199 | D:2      | Found a faded altar of an unknown god.
  2384 | D:3      | Reached XP level 5. HP: 28/28 MP: 4/10
  2433 | D:3      | Noticed a black bear
  2440 | D:3      | Killed a black bear
  2665 | D:3      | Reached XP level 6. HP: 33/33 MP: 5/11
  2979 | D:3      | Learned a level 4 spell: Flame Wave
  3318 | D:3      | Reached skill level 5 in Fire Magic
  3869 | D:4      | Found a burning altar of Makhleb.
  3873 | D:4      | Reached XP level 7. HP: 37/37 MP: 7/13
  3962 | D:4      | Noticed Ijyb
  3970 | D:4      | Killed Ijyb
  4215 | D:4      | Found a runed translucent gate.
  4216 | D:4      | Found a runed translucent gate.
  4217 | D:4      | Found a runed translucent gate.
  4219 | D:4      | Noticed whitenoisemaker's ghost (amateur DEFE)
  4241 | D:4      | Noticed Sigmund
  4248 | D:4      | Killed Sigmund
  4354 | D:4      | Found a staircase to the Ecumenical Temple.
  4394 | D:4      | Reached skill level 1 in Fighting
  4394 | D:4      | Reached skill level 5 in Spellcasting
  4400 | Temple   | Entered the Ecumenical Temple
  4442 | Temple   | Became a worshipper of Vehumet
  4800 | D:5      | Entered Level 5 of the Dungeon
  4829 | D:5      | Reached skill level 6 in Fire Magic
  5092 | D:5      | Reached XP level 8. HP: 43/43 MP: 6/16
  5261 | D:5      | Reached skill level 1 in Maces & Flails
  5447 | D:5      | Found a snail-covered altar of Cheibriados.
  5934 | D:6      | Reached skill level 7 in Fire Magic
  6138 | D:6      | Noticed a wraith
  6140 | D:6      | Reached XP level 9. HP: 42/47 MP: 8/18
  6152 | D:6      | Noticed Maggie
  6156 | D:5      | Reached skill level 5 in Conjurations
  6297 | D:5      | Mangled by an ogre

Illustrated notes

Levels and vault maps discovered:
D:1:      mrwooster_arrival_statue_2, layout_loops_cross, st_stairs_10
D:2:      layout_loops_ring, serial_shops, nicolae_shop_waterfront,
          hellmonk_ecumenical_altar_inner_sanctum, basic_altar,
          minmay_misc_feat_nine_boxes, chequers_serial_rivers_micro_b,
          st_stairs_2, uniq_jessica, uniq_robin
D:3:      layout_rooms
D:4:      kennysheep_the_goblin_king, layout_cave_pools,
          makhleb_heckhound_becter, minmay_temple_entry_glassed_door,
          gammafunk_ghost_nasty_kobolds, uniq_sigmund
D:5:      minmay_octagon_keep, layout_rooms, cheibrodos_worm_habitat
D:6:      layout_rooms, serial_shops, nicolae_shop_waterfront, shop,
          nicolae_square_shop, uniq_maggie
Temple:   eino_temple_rhombus

Skill      XL: |  1  2  3  4  5  6  7  8  9 |
---------------+----------------------------+-----
Spellcasting   | 3 4 5 6 |  6.6
Fire Magic     | 4 5 6 7 |  7.6
Conjurations   | 2 3 4 5 |  5.2
Fighting       | 1 |  1.4
Maces & Flails | 2 |  2.1
Dodging        | 2 |  2.0
Stealth        | |  2.1

Action                   |  1- 3 |  4- 6 |  7- 9 || total
-------------------------+-------+-------+-------++-------
Melee: Whip              |    26 |     8 |    27 ||    61
 Cast: Foxfire           |    29 |    98 |   123 ||   250
       Scorch            |    13 |    13 |    24 ||    50
       Conjure Flame     |       |       |     1 ||     1
  Use: Scroll            |     2 |     5 |     2 ||     9
Armor: Robe              |    14 |     7 |    14 ||    35
Dodge: Dodged            |    27 |    18 |    35 ||    80

Table legend: (Time is in decaauts)
 A = Elapsed time spent in this place.
 B = Non-inter-level travel time spent in this place.
 C = Inter-level travel time spent in this place.
 D = Time resting spent in this place.
 E = Time spent auto-exploring this place.
 F = Levels seen in this place.
 G = Mean time per level.
                   A        B        C        D        E       F      G
               +--------+--------+--------+--------+--------+-----+--------+
         Total |   6325 |   6184 |    141 |   1331 |   3858 |   7 |  903.6 |
       Dungeon |   6133 |   6001 |    132 |   1331 |   3695 |   6 | 1022.2 |
        Temple |    191 |    183 |      8 |      0 |    163 |   1 |  191.0 |
               +--------+--------+--------+--------+--------+-----+--------+

Top non-repeatable levels by time:
     D:1: 1260 daAuts
     D:5: 1202 daAuts
     D:3: 1201 daAuts
     D:2: 1123 daAuts
     D:4: 1027 daAuts
     D:6: 317 daAuts
  Temple: 191 daAuts
